 Dungeon Crawl Stone Soup version 0.29.1-2-gbd0b4ee654 (webtiles) character file.

Game seed: 8600056317053518701

118 slushfilter the Trooper (level 4, -4/35 HPs)
             Began as a Mummy Monk on Nov 11, 2022.
             Was a Priest of Dithmenos.
             Killed by divine providence
             ... invoked by an orc priest
              (15 damage)
             ... on level 5 of the Dungeon.
             The game lasted 00:38:36 (3528 turns).

slushfilter the Trooper (Mummy Monk)                Turns: 3528, Time: 00:38:37

Health: -4/35      AC:  6    Str: 14    XL:     4   Next: 72%
Magic:  0/4        EV: 11    Int: 11    God:    Dithmenos [***...]
Gold:   110        SH:  3    Dex: 14    Spells: 3/3 levels left

rFire   x x .      SeeInvis .   a - +0 spear
rCold   + + .      Faith    .   f - +0 buckler
rNeg    + + +      Spirit   .   l - +0 ring mail
rPois   ∞          Reflect  .   (no helmet)
rElec   .          Harm     .   (no cloak)
rCorr   .          Rampage  .   e - +0 pair of gloves
Will    .....                   (no boots)
Stlth   ++........              (no amulet)
HPRegen 0.11/turn               r - ring of ice
MPRegen 0.09/turn               (no ring)

@: wreathed by umbra
A: cold resistance 1, negative energy resistance 3, torment resistance 2, heat
vulnerability 1, in touch with death 1, no potions
a: Renounce Religion, Shadow Step


You were on level 5 of the Dungeon.
You worshipped Dithmenos.
Dithmenos was most pleased with you.
You visited 1 branch of the dungeon, and saw 5 of its levels.

You collected 134 gold pieces.
You spent 24 gold pieces at shops.

Inventory:

Hand Weapons
 a - a +0 spear (weapon)
 t - a +1 hand axe of venom
Missiles
 g - 3 curare-tipped darts
Armour
 e - a +0 pair of gloves (worn)
 f - a +0 buckler (worn)
 l - a +0 ring mail (worn)
Jewellery
 r - a ring of ice (left hand)
Wands
 q - a wand of charming (11) (quivered)
Scrolls
 b - a scroll of noise {unknown}
 h - a scroll of fear
 k - a scroll of vulnerability {unknown}
 m - a scroll of amnesia {unknown}
 o - a scroll of teleportation {unknown}
 p - a scroll of identify
 v - a scroll of magic mapping {unknown}
Potions
 c - a potion of degeneration
 d - 5 potions of curing
 i - 3 potions of haste {unknown}
 j - a potion of heal wounds
 n - a potion of flight {unknown}
 s - a potion of invisibility {unknown}
 u - a potion of magic {unknown}


   Skills:
 + Level 3.5 Fighting
 + Level 3.2 Polearms
 + Level 0.1 Throwing
 + Level 1.1 Armour
 + Level 3.0 Dodging
 + Level 2.1 Stealth
 + Level 0.1 Shields


You had 3 spell levels left.
You didn't know any spells.
Your spell library was empty.

Dungeon Overview and Level Annotations

Branches:
Dungeon (5/15)             Temple (0/1) D:4

Altars:
Dithmenos
Okawaru
Ru
Uskayaw

Shops:
D:2 (??!


Innate Abilities, Weirdness & Mutations

You are immune to poison.
Your flesh is cold resistant. (rC+)
You are immune to negative energy. (rN+++)
You are immune to unholy pain and torment.
You are vulnerable to heat. (rF-)
You are in touch with the powers of death.
You do not drink.


Message History

You block the orc priest's attack.
You barely miss the orc priest.
The orc priest is lightly wounded.
The orc priest hits you with a +0 club.
You hit the orc priest but do no damage.
The orc priest is lightly wounded.
The orc priest hits you with a +0 club.
You barely miss the orc priest.
The orc priest is lightly wounded.
The orc priest hits you with a +0 club.
You barely miss the orc priest.
The orc priest is lightly wounded.
A jackal comes into view.
The orc priest closely misses you.
You hit the orc priest.
The orc priest is heavily wounded.
The orc priest hits you with a +0 club.
You hit the orc priest.
The orc priest is severely wounded.
The orc priest mumbles some strange prayers to Beogh against you.
Beogh smites you!
You hit the orc priest but do no damage.
The orc priest is severely wounded.
You barely miss the orc priest.
The orc priest is severely wounded.
The orc priest barely misses you.
You closely miss the orc priest.
The orc priest is severely wounded.
The orc priest hits you but does no damage.
You block something's attack.
You don't know any spells.
Aiming: Shadow Step
Press: ? - help, Dir - move target, f - orc priest
Aim: an orc priest, wielding a +0 club (severely wounded, umbra)
You step into the orc priest's shadow.
The orc priest closely misses you.
You hit the orc priest.
The orc priest is almost dead.
The orc priest invokes the aid of Beogh against you.
Beogh smites you!
You die...

###+######
....hho..# #######
...h.###o# #......
... #@# #...... .
#.# # #......
#.######.# #......
#......#.# #......
#######.#.###......
...................
#####.#............
#....###....###
#.'#######'.#


You could see an orc priest.

Vanquished Creatures
  4 adders
  A worm (D:3)
  A dart slug (D:4)
  4 orcs (D:5)
  6 ball pythons
  5 bats
  5 endoplasms
  A giant cockroach (D:2)
  12 goblins
  6 hobgoblins
  4 jackals (D:3)
  2 quokkas
  5 frilled lizards
  5 kobolds
  7 rats
68 creatures vanquished.

Vanquished Creatures (others)
  4 fungi (D:1)
  10 plants (D:1)
14 creatures vanquished.

Grand Total: 82 creatures vanquished

Notes
Turn   | Place    | Note
-------+----------+-------------------------------------------
     0 | D:1      | slushfilter the Mummy Monk began the quest for the Orb.
     0 | D:1      | Reached XP level 1. HP: 18/18 MP: 1/1
   419 | D:1      | Found a faded altar of an unknown god.
   433 | D:1      | Reached XP level 2. HP: 17/24 MP: 2/2
   604 | D:1      | Prayed at the altar of an unknown god.
   604 | D:1      | Became a worshipper of Dithmenos the Shadowed
   604 | D:1      | Reached * piety under Dithmenos
   604 | D:1      | Reached ** piety under Dithmenos
   743 | D:1      | Reached *** piety under Dithmenos
   996 | D:1      | Gained mutation: You are in touch with the powers of death.
                  | [Mummy growth]
   996 | D:1      | Reached XP level 3. HP: 29/29 MP: 3/3
  1325 | D:2      | Found Tammae's Magic Scroll Shoppe.
  1570 | D:2      | Found Qishur's Magic Scroll Boutique.
  1581 | D:2      | Bought a scroll of identify for 24 gold pieces
  1768 | D:2      | Found Gaunes's Antique Weapon Shoppe.
  2115 | D:2      | Found Ykaar's Distillery.
  2183 | D:2      | Found a hide-covered altar of Uskayaw.
  2641 | D:3      | Found an iron altar of Okawaru.
  2894 | D:3      | Reached XP level 4. HP: 35/35 MP: 4/4
  3241 | D:4      | Found a staircase to the Ecumenical Temple.
  3402 | D:5      | Entered Level 5 of the Dungeon
  3452 | D:5      | Found a sacrificial altar of Ru.
  3472 | D:5      | Reached skill level 1 in Armour
  3528 | D:5      | Killed from afar by an orc priest

Illustrated notes

Levels and vault maps discovered:
D:1:      scummos_arrival_hexagon, layout_basic,
          dreamdust_ecumenical_altar_grove
D:2:      layout_loops_ring, serial_shops, nicolae_lakefront_shop, shop,
          nicolae_lakefront_shop, nicolae_shop_stone, basic_altar,
          kennysheep_cross_bottleneck, minmay_misc_feat_doors
D:3:      layout_basic, okawaru_ov_weapons_minmay, chequers_arboretum
D:4:      layout_loops_ring, grunt_dithmenos_smoke_and_mirrors,
          amcnicky_altar_gilded, eat_drink_and_be_merry_uskayaw,
          minmay_temple_entry_large_hall, uniq_edmund
D:5:      layout_basic, mainiacjoe_overflow_alcove_1,
          nicolae_ru_great_annihilating_truth, kennysheep_generic_room_10

Skill      XL: |  1  2  3  4 |
---------------+-------------+-----
Polearms       | 3 |  3.2
Stealth        | 2 |  2.1
Dodging        | 3 |  3.0
Armour         | 1 |  1.1
Fighting       | |  3.5
Throwing       | |  0.1
Shields        | |  0.1

Action                   |  1- 3 |  4- 6 || total
-------------------------+-------+-------++-------
Melee: Spear             |   205 |   101 ||   306
       Punch             |     1 |       ||     1
Throw: Dart              |     5 |       ||     5
Invok: Shadow Step       |       |     2 ||     2
  Use: Scroll            |     4 |     1 ||     5
 Stab: Sleeping          |    10 |       ||    10
       Distracted        |     1 |       ||     1
       Fleeing           |     1 |       ||     1
       Paralysed         |       |     1 ||     1
Armor: Robe              |    17 |       ||    17
       Ring mail         |    13 |    13 ||    26
Dodge: Dodged            |   104 |    43 ||   147
Block: Buckler           |    13 |    11 ||    24
